Map: Cerulean Fall LE

Players

Praeto

  • Race: Zerg Zerg
  • League: Master
  • Spawn Location: 7:00

llllllllllll - Winner!

  • Race: Protoss Protoss
  • League: Master
  • Spawn Location: 1:00

VOD

Have the link to the VOD?

Description

Time

  • Played on: Nov. 10, 2018, 9:17 p.m.
  • Length: 17:30
Show
View Real Time Build Order
Export as new Build Order

Praeto Zerg 

Build Orders: Pool First, Lurkers 

Get SALT Encoding   

  12  0:03  Drone  
  13  0:13  Overlord  
  13  0:17  Drone  
  14  0:31  Drone x2  
  16  0:36  Drone  
  17  0:46  Spawning Pool  
  17  0:49  Drone  
  17  1:14  Drone  
  18  1:29  Hatchery  
  18  1:31  Extractor  
  18  1:32  Zergling x6  
  18  1:33  Queen  
  21  1:43  Drone  
  22  1:55  Overlord  
  22  2:17  Drone x2  
  24  2:27  Drone  
  25  2:35  Metabolic Boost  
  25  2:38  Drone  
  25  2:39  Queen  
  25  2:42  Drone  
  25  2:43  Drone x2  
  25  2:44  Drone  
  32  2:51  Hatchery  
  32  2:53  Drone  
  32  2:57  Drone  
  33  3:03  Drone x2  
  35  3:11  Overlord  
  34  3:27  Overlord  
  34  3:29  Drone, Queen  
  34  3:32  Drone x2  
  34  3:33  Lair, Drone  
  40  3:40  Drone  
  41  3:51  Drone x2  
  41  3:55  Extractor, Drone x3  
  45  4:02  Drone x2  
  47  4:04  Overlord  
  47  4:09  Drone  
  48  4:12  Drone  
  48  4:16  Drone  
  50  4:18  Drone  
  50  4:20  Extractor  
  50  4:21  Extractor  
  50  4:22  Drone  
  50  4:25  Zergling x2  
  50  4:26  Zergling x6  
  54  4:35  Hydralisk Den  
  52  4:51  Spore Crawler  
  52  4:52  Spore Crawler  
  50  4:53  Spore Crawler  
  50  4:54  Spore Crawler  
  50  4:55  Spore Crawler  
  50  4:56  Drone x6  
  50  4:57  Spore Crawler, Drone x4  
  50  4:58  Spore Crawler  
  55  5:10  Spore Crawler  
  55  5:11  Muscular Augments  
  55  5:14  Spore Crawler, Drone x2  
  53  5:17  Drone x2  
  57  5:30  Overlord  
  57  5:31  Overlord x2  
  57  5:43  Overlord x2  
  57  5:48  Hydralisk x4  
  57  5:49  Hydralisk  
  65  5:54  Hydralisk  
  69  5:58  Hydralisk  
  69  5:59  Hydralisk  
  69  6:02  Hydralisk  
  75  6:05  Hydralisk  
  75  6:08  Hydralisk  
  79  6:14  Hydralisk  
  79  6:15  Hydralisk  
  83  6:19  Hydralisk  
  83  6:20  Hydralisk  
  83  6:24  Grooved Spines  
  87  6:26  Hydralisk  
  60  6:49  Hydralisk  
  60  6:50  Hydralisk x6  
  68  6:59  Hydralisk x3  
  74  7:03  Hydralisk  
  74  7:04  Hydralisk  
  78  7:09  Hydralisk x2  
  78  7:14  Hydralisk  
  84  7:16  Hydralisk  
  84  7:21  Hydralisk  
  88  7:25  Hydralisk  
  88  7:29  Hydralisk  
  90  7:36  Hydralisk  
  94  7:38  Hydralisk  
  94  7:40  Overlord  
  94  7:41  Overlord x2  
  96  7:55  Spore Crawler  
  96  7:58  Hydralisk x4  
  94  8:03  Zergling x8  
  106  8:12  Drone x6  
  112  8:18  Queen  
  110  8:31  Drone  
  110  8:32  Drone x6  
  117  8:36  Evolution Chamber  
  117  8:37  Evolution Chamber  
  117  8:40  Drone x2  
  117  8:45  Spore Crawler, Drone x3  
  89  9:11  Drone x8  
  74  9:18  Zerg Missile Weapons Level 1, Zerg Ground Armor Level 1  
  74  9:24  Roach Warren  
  73  9:32  Extractor, Hydralisk x8  
  73  9:33  Extractor  
  87  9:47  Queen  
  87  9:48  Hydralisk x5  
  98  10:10  Glial Reconstitution  
  100  10:14  Roach x8  
  100  10:20  Hatchery  
  115  10:23  Roach x3  
  119  10:29  Overlord x3  
  119  10:35  Lurker Den  
  118  10:43  Roach  
  118  10:44  Roach  
  118  10:46  Overlord x2  
  122  11:02  Hydralisk x8  
  122  11:03  Hydralisk x2  
  92  11:11  Hydralisk x3  
  92  11:18  Hydralisk x2  
  73  11:34  Hydralisk x2  
  73  11:35  Hydralisk x2  
  79  11:51  Drone x9  
  88  12:07  Lurker x2  
  90  12:08  Lurker  
  90  12:09  Spore Crawler  
  90  12:19  Drone x5  
  55  12:51  Hydralisk x5  
  58  12:58  Hydralisk  
  51  13:12  Hydralisk x2  
  54  13:24  Hydralisk x2  
  58  13:31  Hydralisk  
  58  13:32  Hydralisk  
  41  14:01  Hydralisk  
  41  14:02  Hydralisk x4  
  51  14:11  Hydralisk  
  50  14:40  Hydralisk x3  
  56  14:50  Lurker  
Show
View Real Time Build Order
Export as new Build Order

llllllllllll Protoss - Winner!

Build Orders:  

Get SALT Encoding   

  12  0:03  Probe  
  13  0:15  Probe  
  14  0:25  Probe  
  14  0:26  Pylon  
  15  0:40  Probe  
  16  1:02  Forge  
  16  1:09  Pylon  
  16  1:21  Nexus  
  16  1:22  Probe  
  17  1:42  Gateway  
  17  1:46  Photon Cannon  
  17  1:50  Pylon, Probe  
  17  1:59  Probe  
  17  2:00  Assimilator  
  18  2:05  Assimilator  
  19  2:08  Probe  
  20  2:19  Probe  
  21  2:27  Probe  
  21  2:35  Probe  
  22  2:37  Cybernetics Core  
  22  2:40  Probe  
  24  2:47  Probe  
  24  2:51  Assimilator  
  25  2:52  Probe  
  25  2:53  Assimilator  
  25  2:56  Probe  
  26  3:00  Probe  
  26  3:04  Probe  
  28  3:08  Probe  
  30  3:13  Probe  
  30  3:16  Pylon  
  31  3:26  Probe  
  31  3:28  Probe  
  31  3:31  Stalker  
  35  3:34  Probe  
  35  3:41  Stargate  
  36  3:45  Stargate  
  36  3:54  Photon Cannon  
  36  4:02  Stargate  
  36  4:06  Probe x2  
  38  4:14  Probe  
  38  4:18  Probe  
  38  4:22  Pylon  
  40  4:24  Probe  
  40  4:25  Oracle  
  40  4:31  Probe  
  42  4:35  Oracle  
  48  4:46  Oracle  
  48  4:48  Photon Cannon  
  51  4:56  Probe  
  51  4:58  Oracle  
  55  5:09  Oracle  
  55  5:12  Probe  
  55  5:13  Probe  
  60  5:19  Pylon  
  60  5:24  Probe  
  61  5:33  Oracle  
  61  5:34  Pylon  
  61  5:38  Oracle  
  61  5:39  Oracle  
  67  5:48  Twilight Council  
  70  5:54  Pylon  
  70  6:10  Oracle  
  73  6:12  Gateway  
  73  6:15  Gateway  
  73  6:17  Gateway  
  73  6:19  Gateway  
  73  6:21  Oracle  
  76  6:26  Oracle  
  76  6:30  Pylon  
  64  6:55  Oracle x2  
  70  7:03  Charge  
  70  7:06  Zealot x3  
  70  7:07  Zealot  
  78  7:09  Oracle  
  78  7:11  Pylon  
  81  7:25  Pylon  
  81  7:26  Pylon  
  81  7:33  Zealot x3  
  81  7:34  Zealot  
  92  7:46  Pylon  
  92  8:00  Zealot x3  
  92  8:01  Zealot  
  92  8:04  Stargate  
  97  8:06  Stargate  
  97  8:07  Stargate  
  97  8:21  Zealot  
  88  8:27  Zealot  
  88  8:28  Zealot x2  
  96  8:41  Oracle  
  96  8:45  Zealot  
  96  8:46  Pylon  
  96  8:47  Pylon  
  98  8:51  Pylon, Oracle x2  
  98  8:54  Zealot  
  98  8:55  Zealot x2  
  71  9:19  Zealot  
  71  9:21  Zealot  
  71  9:22  Zealot x2  
  71  9:23  Oracle  
  82  9:31  Probe  
  83  9:33  Probe  
  84  9:43  Probe  
  84  9:44  Oracle  
  84  9:45  Zealot, Probe  
  89  9:49  Zealot x2  
  95  10:01  Zealot  
  95  10:03  Zealot  
  95  10:04  Oracle  
  102  10:20  Pylon  
  102  10:35  Oracle x2  
  108  10:38  Zealot, Photon Cannon  
  108  10:39  Zealot  
  108  10:41  Oracle  
  117  10:50  Zealot x2  
  104  11:24  Zealot x4  
  112  11:26  Oracle  
  112  11:27  Oracle  
  100  11:50  Oracle  
  100  11:51  Zealot x4  
  111  12:03  Oracle  
  111  12:04  Oracle  
  117  12:18  Stalker x3  
  91  13:06  Stalker x4  
  91  13:08  Probe  
  100  13:14  Probe  
  101  13:20  Probe  
  101  13:22  Probe  
  103  13:30  Probe  
  103  13:32  Probe  
  104  13:40  Probe  
  105  13:44  Probe  
  98  13:52  Probe  
  99  13:56  Probe  
  98  14:08  Probe  
  99  14:12  Probe  
  100  14:18  Stalker x3  
  100  14:20  Probe  
  107  14:24  Probe  
  106  14:32  Probe  
  106  14:36  Probe  
  106  14:49  Stalker x3  
  106  14:51  Stalker  
Tags
 
Composition
Lurkers
Matchup
PvZ
Opening
Pool First
Spawn Locations
Cross Positions
Add a new tag
Caveats
  • Supply blocks, unpowered buildings, or Contaminate may cause inaccurate times.
  • Supply counts are checked every 10 seconds.